Semilg, neutral female human Valkyrie ---- ----- ... |...| #aa. |...| @ |...-######## -.--- #+ # ### # # # # # -----.- |.....| |<....| ------- Semilg the Skirmisher Experience level: 3 Strength: 16 Dexterity: 16 Constitution: 18 Intelligence: 10 Wisdom: 8 Charisma: 11 Health: 0(31) Energy: 8(8) Def: 6 Gold: 370 Moves: 1876 Dungeon seed: HWU-97HovUXP4eS3 Game ID: Semilg_1552408625 Your Inventory: Coins $ - 370 gold pieces Weapons a - 3 uncursed +2 spears (in quiver) b - 4 uncursed +0 daggers m - 8 uncursed +0 crossbow bolts x - 8 uncursed +0 elven arrows Armor e - an uncursed +3 small shield (being worn) n - an uncursed +0 leather armor (being worn) r - an uncursed +1 ring mail y - an uncursed +0 orcish helm Comestibles o - an uncursed eucalyptus leaf s - 2 uncursed eggs t - an uncursed pancake z - an uncursed food ration Spellbooks j - an uncursed spellbook of detect monsters Potions h - an uncursed potion of sickness i - 2 uncursed potions of invisibility l - an uncursed potion of water p - a cursed potion of oil Wands c - an uncursed wand of cold (0:5) g - an uncursed wand of magic missile (0:5) Tools f - an uncursed oil lamp (0:1317) q - an uncursed pair of lenses Spells and supernatural/magical abilities: Name Level Category Fail Memory W - pray for help -- divine ? -- Your skills at the end: Miscellaneous Skills shield [Basic] wands [Basic] Weapon Skills dagger [Basic] spear [Basic] Spellcasting Skills Final Attributes: You were devoutly aligned. You were cold resistant. You were somewhat stealthy. You could fly. You are dead. Vanquished creatures: a puppy a floating eye a homunculus an iguana 3 geckos a hobgoblin 2 jackals a kobold 5 newts a sewer rat 6 grid bugs a bat a lichen 25 creatures vanquished. Voluntary challenges: You followed a strict vegan diet. You did not adorn yourself with jewelry or accessories. You did not cause conflict. You were not invisible. You did not have reflection. You were not displaced. You were an atheist. You never hit with a wielded weapon. You did not use tools. You did not use plumbed fixtures. You did not drink any magical draughts. You read items or engraved 3 times, starting on turn 1529. You never genocided any monsters. You never polymorphed an object. You never changed form. You used no wishes. You never split a pudding. You never wrote Elbereth's name. You never violated your personal moral code. Dungeon overview: The Dungeons of Doom: levels 1 to 5 Level 1 a sink a long staircase Level 2 a general store stairs to The Gnomish Mines Level 3 a general store, a fountain Level 4 a fountain Level 5 <- You were here The Gnomish Mines: Level 3 stairs to The Dungeons of Doom History has recorded: On T:1 you entered the Dungeons of Doom to retrieve the Amulet of Yendor! On T:331 you reached level 2 of The Dungeons of Doom. On T:472 you reached level 1 of The Gnomish Mines. On T:602 you reached level 3 of The Dungeons of Doom. On T:893 you advanced to experience level 2. On T:922 you reached level 4 of The Dungeons of Doom. On T:1579 you advanced to experience level 3. On T:1832 you reached level 5 of The Dungeons of Doom. Score breakdown: Gold: 370 ( 37 points) Experience: 3 levels ( 200 points) Exploration: 5 levels ( 120 points) Discoveries: 9 items ( 450 points) Variety of kills: 13 monsters ( 650 points) Major goal: (nothing yet) ( 0 points) Survival: died (score multiplied by 3) Total score: 4371 Latest messages: The giant ant bites! You miss the giant ant. The giant ant misses. You miss the giant ant. The giant ant just misses! (2x) You miss the giant ant. The giant ant misses. You miss the giant ant. The giant ant bites! (2x) You punch the giant ant. The giant ant bites! You miss the giant ant. The giant ant bites! (2x) The giant ant misses. You miss the giant ant. The giant ant bites! (2x) You miss the giant ant. The giant ant bites! (4x) You miss the giant ant. The giant ant just misses! The giant ant bites! You die... Final status: Farvel Semilg the Valkyrie, killed by a giant ant... You died in The Dungeons of Doom on dungeon level 5 with 4371 points, and 370 pieces of gold, after 1876 moves. You were level 3 with a maximum of 31 hit points when you died.